 Dungeon Crawl Stone Soup version 0.19.0-19-g8c6edcc (webtiles) character file.

901 RaHiT the Carver (level 7, -8/52 HPs)
             Began as a Demonspawn Chaos Knight on Nov 16, 2016.
             Killed from afar by an orc wizard (11 damage)
             ... with a puff of flame
             ... on level 5 of the Dungeon.
             The game lasted 00:41:17 (4387 turns).

RaHiT the Carver (Demonspawn Chaos Knight)          Turns: 4387, Time: 00:41:17

Health: -8/52      AC: 11    Str: 13 (14) XL:     7   Next: 80%
Magic:  7/7        EV: 17    Int: 13 (14) God:    Xom [.*....]
Gold:   214        SH:  0    Dex: 16 (17) Spells: 1 memorised, 5 levels left

rFire  . . .     SeeInvis .     a - +0 falchion (chaos)
rCold  + . .     Gourm    .     B - +2 leather armour
rNeg   . . .     Faith    .     (no shield)
rPois  +         Spirit   .     (helmet restricted)
rElec  .         Reflect  .     w - +0 cloak
rCorr  .         Harm     .     (no gloves)
MR     .....                    (no boots)
Stlth  +.........               (no amulet)
                                G - +5 ring of protection
                                e - ring of loudness (curse)

@: confused, agile
A: fangs 1, horns 1, cold resistance 1, deterioration 1, mutation resistance 1,
poison resistance, rot immunity, freezing cloud immunity
a: Renounce Religion


You were on level 5 of the Dungeon.
You worshipped Xom.
You were a plaything of Xom.
You were hungry.

You visited 1 branch of the dungeon, and saw 6 of its levels.

You collected 214 gold pieces.

Inventory:

Hand Weapons
 a - a +0 falchion of chaos (weapon)
 b - a +0 blowgun
 A - a +3 falchion of slicing
Missiles
 h - 34 sling bullets
 j - 18 poisoned needles
 k - 4 bolts
 o - 25 arrows
 y - 6 curare-tipped needles
 E - a javelin (quivered)
Armour
 w - a +0 cloak (worn)
 B - a +2 leather armour (worn)
Magical Staves
 z - an uncursed staff of fire {unknown}
Jewellery
 e - a cursed ring of loudness (left hand)
 g - a +4 ring of dexterity
 G - a +5 ring of protection (right hand)
Wands
 D - a wand of digging (11/24)
Scrolls
 d - a scroll of amnesia {unknown}
 l - 2 scrolls of enchant weapon {unknown}
 m - 3 scrolls of noise {unknown}
 n - 3 scrolls of remove curse {unknown}
 s - 5 scrolls of immolation {unknown}
 u - 6 scrolls of identify {unknown}
 x - a scroll of teleportation {unknown}
 F - a scroll of magic mapping {unknown}
Potions
 t - 2 potions of flight
 v - a potion of resistance
Books
 q - a book of Misfortune

   Spells                             Type                      Level
   a - Confusing Touch                Hexes                        1
   b - Confuse                        Hexes                        3
   c - Gell's Gravitas                Hexes/Translocation          3
   d - Petrify                        Transmutation/Earth          4
   e - Metabolic Englaciation         Hexes/Ice                    5
   f - Yara's Violent Unravelling     Hexes/Transmutation          5
Comestibles
 c - 3 bread rations
 f - 2 meat rations
 i - 2 beef jerkies
 r - 5 chunks of flesh
 C - 7 fruits


   Skills:
 - Level 3.0 Fighting
 - Level 8.0 Long Blades
 + Level 3.0 Armour
 - Level 2.0 Dodging


You had 5 spell levels left.
You knew the following spells:

 Your Spells              Type           Power        Failure   Level  Hunger
a - Confusing Touch       Hex            #.....       38%         1    ##.....


Dungeon Overview and Level Annotations

Branches:
Dungeon (6/15)             Temple (0/1) D:5

Altars:
Ashenzari
Dithmenos
Xom


Innate Abilities, Weirdness & Mutations

Your flesh is cold resistant. (rC+)
You are immune to rotting.
You are immune to freezing clouds.
You have very sharp teeth.
You have a pair of small horns on your head.
Your body sometimes deteriorates upon taking damage.
You are somewhat resistant to further mutation.
Your system is resistant to poisons. (rPois)


Message History

You slash something! Something hits you but does no damage.
Your leather armour prevents you from hitting something.
Your headbutt misses something. Your bite misses something. You hit something.
You feel better. Something hits you but does no damage.
You closely miss something. Something hits you but does no damage.
You miss something.
You hear some strange, mumbled words.
You are confused.
You completely miss something. Your headbutt misses something.
Something hits you but does no damage.
You hear some strange, mumbled words.
A puff of flame appears from out of thin air!
The puff of flame hits you!
* * * LOW HITPOINT WARNING * * *
Your body deteriorates!
You feel clumsy.
You feel agile all of a sudden.
You hear some strange, mumbled words.
A puff of flame appears from out of thin air!
The puff of flame hits you!
You die...

#..######## #..#
#........
#.........## #.##
#........
#..........# #.#
##.......
##.....##...# #.##
#######.
##.....###...# #..#
## #...........##
##..# ...##.....###
##..## ######...##
#..## # # ##.## #@##
##### ##..# #.#
####.... ###...# #.#
#..##### ##.....##
##r# ##.## #
##...##..## #..##
##.## # #...####..##
#...######..# ##
...##
##..####..........##
##. ...#
##........>......#
##.# #..#
#..........###.##
###.##


You could see a quokka.

Vanquished Creatures
  Grinder (D:4)
  2 ogres (D:4)
  A crimson imp (D:5)
  A centaur skeleton (D:5)
  An orc wizard (D:6)
  3 orc priests
  A bullfrog skeleton (D:4)
  A gnoll shaman (D:5)
  2 worker ants (D:4)
  A hound skeleton (D:5)
  9 adders
  3 gnolls (D:5)
  An ooze (D:2)
  4 adder skeletons
  3 worms
  3 leopard geckos
  14 orcs
  9 ball pythons
  8 bats
  10 giant cockroaches
  12 goblins
  6 hobgoblins
  3 jackals (D:3)
  A quokka (D:4)
  4 frilled lizards
  3 kobolds
  6 rats
113 creatures vanquished.

Vanquished Creatures (others)
  A fungus (D:6)
1 creature vanquished.

Grand Total: 114 creatures vanquished

Notes
Turn   | Place    | Note
-------+----------+-------------------------------------------
     0 | D:1      | RaHiT the Demonspawn Chaos Knight began the quest for the Orb.
     0 | D:1      | Reached XP level 1. HP: 18/18 MP: 1/1
    22 | D:1      | Reached skill level 1 in Dodging
    66 | D:1      | Reached skill level 3 in Long Blades
    66 | D:1      | Gained mutation: You are immune to rotting. [demonic ancestry]
    66 | D:1      | Reached XP level 2. HP: 24/24 MP: 2/2
   166 | D:1      | XOM: silly message
   181 | D:1      | Found a shattered altar of Ashenzari.
   204 | D:1      | XOM: 7-stop teleportation journey
   586 | D:1      | Reached XP level 3. HP: 29/29 MP: 3/3
   611 | D:1      | XOM: give mutations
   611 | D:1      | Gained mutation: You have very sharp teeth. [Xom's grace]
   611 | D:1      | Gained mutation: You have a pair of small horns on your head. [Xom's grace]
   611 | D:1      | Gained mutation: Your system is resistant to poisons. (rPois) [Xom's grace]
   820 | D:2      | XOM: god gift: 18 gold pieces
   873 | D:2      | XOM: 3-stop teleportation journey
  1022 | D:2      | Learned a level 1 spell: Confusing Touch
  1311 | D:2      | Reached XP level 4. HP: 35/35 MP: 4/4
  1562 | D:2      | XOM: mild Chrm miscast
  1604 | D:2      | Reached skill level 4 in Long Blades
  1637 | D:3      | Found a faded altar of an unknown god.
  1851 | D:3      | XOM: 2-stop teleportation journey
  1924 | D:3      | XOM: give mutations
  1924 | D:3      | Gained mutation: Your magical capacity is low. (-10% MP) [Xom's mischief]
  1924 | D:3      | Lost mutation: Your magical capacity is low. (-10% MP) [Xom's mischief]
  1924 | D:3      | Gained mutation: You are somewhat resistant to further mutation. [Xom's mischief]
  1924 | D:3      | Gained mutation: Your body sometimes deteriorates upon taking damage. [Xom's mischief]
  2032 | D:3      | Gained mutation: Your flesh is cold resistant. (rC+) [demonic ancestry]
  2032 | D:3      | Reached XP level 5. HP: 41/41 MP: 5/5
  2056 | D:3      | Found a shadowy altar of Dithmenos.
  2056 | D:3      | Found a shattered altar of Ashenzari.
  2185 | D:3      | Reached skill level 5 in Long Blades
  2415 | D:4      | Noticed Grinder
  2433 | D:4      | XOM: harmless Air miscast
  2436 | D:4      | Killed Grinder
  2436 | D:4      | Reached skill level 6 in Long Blades
  2436 | D:4      | Reached XP level 6. HP: 15/47 MP: 6/6
  2637 | D:4      | XOM: cloud trail
  2682 | D:4      | XOM: snakes to sticks
  2687 | D:4      | Reached skill level 7 in Long Blades
  2687 | D:4      | Gained mutation: You are immune to freezing clouds. [demonic ancestry]
  2687 | D:4      | Reached XP level 7. HP: 17/52 MP: 7/7
  3128 | D:5      | Entered Level 5 of the Dungeon
  3135 | D:5      | XOM: scenery: create altars
  3673 | D:5      | Found a staircase to the Ecumenical Temple.
  3750 | D:5      | XOM: mild Conj miscast
  3842 | D:5      | Reached skill level 8 in Long Blades
  3933 | D:5      | XOM: harmless Ice miscast
  4238 | D:6      | XOM: noise
  4317 | D:6      | XOM: enchant monster (bad)
  4318 | D:6      | XOM: summons friendly crimson imp
  4387 | D:5      | Killed from afar by an orc wizard

Skill      XL: |  1  2  3  4  5  6  7 |
---------------+----------------------+-----
Armour         | 2 3 |  3.0
Dodging        | 1 2 |  2.0
Long Blades    | 3 4 6 7 8 |  8.0
Fighting       | |  3.0

Action                   |  1- 3 |  4- 6 |  7- 9 || total
-------------------------+-------+-------+-------++-------
Melee: Falchion          |    88 |   127 |   133 ||   348
       Bite              |     8 |     9 |    15 ||    32
       Headbutt          |     4 |    34 |    38 ||    76
 Fire: Blowgun           |       |     7 |       ||     7
 Cast: Confusing Touch   |     1 |       |       ||     1
  Use: Potion            |       |     2 |     3 ||     5
 Stab: Petrified         |     2 |       |     1 ||     3
       Petrifying        |     1 |       |     1 ||     2
       Paralysed         |       |     3 |       ||     3
       Confused          |       |     1 |     4 ||     5
  Eat: Chunk             |     1 |     5 |     5 ||    11
Armor: Leather armour    |    30 |    44 |    59 ||   133
Dodge: Dodged            |    51 |    72 |    63 ||   186
       Rpst.: Falchion   |    18 |    25 |    21 ||    64
